[Event "2026 Fred Maris Cup (Division B)"]
[Site "Woodvale, Perth WA AUS"]
[Date "2026.06.10"]
[Round "1"]
[White "Newbold, Christian"]
[Black "Pass, Tony"]
[Result "1-0"]
[ECO "B12"]
[WhiteElo "1382"]
[BlackElo "1370"]
[PlyCount "158"]
[EventDate "2026.06.10"]
[EventType "tourn"]
[EventRounds "5"]
[EventCountry "AUS"]
[TimeControl "3600+30"]

1. e4 c6 2. d4 d5 3. e5 c5 4. c3 Nc6 5. Nf3 Bg4 6. Be2 e6 7. O-O Nge7 8. Nbd2
Nf5 9. h3 Bxf3 10. Nxf3 a6 11. a3 cxd4 12. cxd4 Rb8 13. b4 b5 14. Bb2 Be7 15.
Bc3 O-O 16. Qb3 Qb6 17. Rfd1 Rfc8 18. a4 bxa4 19. Rxa4 a5 20. b5 Ra8 21. Qb2
Nb4 22. g4 Nh4 23. Nxh4 Bxh4 24. Bxb4 axb4 25. Rxa8 Rxa8 26. Qxb4 Bg5 27. Qc5
Qd8 28. b6 Rb8 29. Rb1 Be7 30. Qb5 Qc8 31. b7 Qc3 32. Qa6 Qc7 33. Qa8 g6 34.
Ba6 Kg7 35. Kg2 Bg5 36. Rb2 Bc1 37. Rc2 Qxc2 38. Qxb8 Qe4+ 39. Kg1 Be3 40. fxe3
Qxe3+ 41. Kf1 Qc1+ 42. Kf2 Qd2+ 43. Be2 Qxd4+ 44. Ke1 Qc3+ 45. Kd1 Qd4+ {(A1)}
46. Kc2 Qa4+ 47. Kb2 Qb4+ 48. Kc2 Qc5+ 49. Kd1 Qd4+ {(A2)} 50. Kc1 Qc3+ 51. Kd1
Qd4+ {(A3)} 52. Ke1 Qc3+ 53. Kf2 Qd4+ 54. Kg2 Qe4+ 55. Bf3 Qc2+ 56. Kg3 Qc1 57.
Qa7 g5 58. b8=Q Qf4+ 59. Kg2 d4 60. Qbb7 Qd2+ {(B1)} 61. Kg1 Qe3+ 62. Kg2 Qd2+
{(B2)} 63. Kf1 Qc1+ 64. Kg2 Qd2+ {(B3)} 65. Kh1 Qe1+ 66. Kh2 Qd2+ 67. Kg1 Qe1+
68. Kg2 Qd2+ {(B4)} 69. Kg3 Qe1+ 70. Kh2 Qd2+ 71. Bg2 Qf4+ 72. Kg1 Qc1+ 73. Bf1
Qe3+ 74. Kh1 Qf4 75. Qa2 Qxf1+ 76. Kh2 Qf4+ 77. Kg2 Qxe5 78. Qf2 Qf4 79. Qxf4
gxf4 1-0